 Dungeon Crawl Stone Soup version 0.17-a0-1970-g7a13dd1 (webtiles) character file.

221 HungrySpirit the Ruffian (level 5, -1/44 HPs)
             Began as a Naga Transmuter on Oct 4, 2015.
             Slain by a worker ant (5 damage)
             ... on level 4 of the Dungeon.
             The game lasted 00:05:07 (4200 turns).

HungrySpirit the Ruffian (Naga Transmuter)          Turns: 4200, Time: 00:05:07

Health: -1/44      AC:  2    Str: 17    XL:     5   Next: 98%
Magic:  9/9        EV: 10    Int: 15    God:
Gold:   236        SH:  0    Dex: 11    Spells: 2 memorised, 7 levels left

rFire  . . .     SeeInvis +       - Unarmed
rCold  . . .     Clarity  .     b - +0 robe
rNeg   . . .     SustAt   .     (no shield)
rPois  +         Gourm    .     (no helmet)
rElec  .         Spirit   .     (no cloak)
rCorr  .         Warding  .     (no gloves)
rMut   .         Stasis   .     (no barding)
MR     .....                    (no amulet)
Stlth  +.........               (no ring)
                                (no ring)

@: mighty, lethally poisoned (-1 -> -6), appendage (expiring), very slow, not
resistant to hostile enchantments, very unstealthy
A: horns 2, see invisible, deformed body, poison resistance, slowness 2, slow
metabolism 1, spit poison 2, AC +1
a: Spit Poison, End Transformation


You were on level 4 of the Dungeon.
You were not hungry.
You had grown temporary horns.
You visited 1 branch of the dungeon, and saw 4 of its levels.

You collected 236 gold pieces.

Inventory:

Missiles
 a - 32 arrows
Armour
 b - a +0 robe (worn)
 i - a +0 buckler
Jewellery
 o - an uncursed amulet of regeneration {unknown}
Magical devices
 q - a wand of magic darts (20)
 u - a wand of lightning (8)
Scrolls
 e - 2 scrolls of remove curse {unknown}
 f - a scroll of enchant weapon {unknown}
 h - 8 scrolls of identify {unknown}
 j - a scroll of fear {unknown}
 p - 2 scrolls of teleportation {unknown}
 t - a scroll of amnesia {unknown}
 x - a scroll of random uselessness {unknown}
 y - a scroll of recharging {unknown}
 B - a scroll of immolation {unknown}
Potions
 k - 3 potions of curing {unknown}
 l - a potion of haste {unknown}
 m - 4 potions of might
 r - a potion of cancellation {unknown}
 s - a potion of lignification {unknown}
 v - 2 potions of heal wounds {unknown}
 w - a potion of mutation {unknown}
 z - a potion of brilliance {unknown}
 A - a potion of agility {unknown}
 C - a potion of poison {unknown}
Books
 c - a book of Changes

   Spells                             Type                      Level
   a - Beastly Appendage              Transmutation                1
   b - Sticks to Snakes               Transmutation                2
   c - Spider Form                    Transmutation/Poison         3
   d - Ice Form                       Ice/Transmutation            4
   e - Blade Hands                    Transmutation                5
Comestibles
 d - 2 bread rations
 g - a meat ration
 n - a beef jerky
 D - a chunk of flesh


   Skills:
 - Level 1.0 Fighting
 - Level 1.5 Dodging
 * Level 4.8 Unarmed Combat
 + Level 3.2 Spellcasting
 + Level 3.6 Transmutations


You had 7 spell levels left.
You knew the following spells:

 Your Spells              Type           Power        Failure   Level  Hunger
a - Beastly Appendage     Trmt           ##....       6%          1    #......
b - Sticks to Snakes      Trmt           ##........   10%         2    ##.....


Dungeon Overview and Level Annotations

Branches:
Dungeon (4/15)
 Temple: D:4-7

Altars:
Dithmenos
Nemelex Xobeh
Ru
Sif Muna


Innate Abilities, Weirdness & Mutations

You cannot wear boots.
Your serpentine skin is tough (AC +1).
You have supernaturally acute eyesight.
Armour fits poorly on your strangely shaped body.
Your system is resistant to poisons.
You cover ground very slowly.
You have a slow metabolism.
You can spit poison.
You have a pair of horns on your head.


Message History

The worker ant bites you.
You are more poisoned.
The worker ant poisons you!
You hit the worker ant.
The worker ant is severely wounded.
The worker ant waves its antennae.
The worker ant bites you.
* * * LOW HITPOINT WARNING * * *
You barely miss the worker ant.
The worker ant is severely wounded.
You feel sick. The worker ant closely misses you.
You hit the worker ant. Your headbutt misses the worker ant.
The worker ant is severely wounded.
You feel sick. The worker ant bites you.
* * * LOW HITPOINT WARNING * * *
Drink which item? (? for menu, Esc to quit)
It was a potion of might.
You feel very mighty all of a sudden. The worker ant bites you.
You die...

### ## ..# ##. #.#
##.# #.# #.##
##.#####.#########
#.#
.................#
#.##
##...###.#######[#
##.# #.....a@.#
#.# ##. ##...#####
#.# ### ## #.##
#.. #..# #.# ##.#
#.# ##+## #.# #.#
##...## #.# #.#
##.....## #####.##
#.# ##.......##
##.##...###.#


You could see a worker ant.

Vanquished Creatures
  A phantom (D:3)
  Jessica (D:2)
  A worker ant (D:4)
  2 adders
  An ooze (D:4)
  2 worms
  4 orcs
  3 ball pythons
  A giant cockroach (D:3)
  6 hobgoblins
  6 bats
  2 giant geckos
  A giant gecko skeleton (D:4)
  2 giant newts
  12 goblins
  5 jackals
  6 kobolds
  4 rats
60 creatures vanquished.

Notes
Turn   | Place    | Note
--------------------------------------------------------------
     0 | D:1      | HungrySpirit the Naga Transmuter began the quest for the Orb.
     0 | D:1      | Reached XP level 1. HP: 18/18 MP: 3/3
   371 | D:1      | Reached XP level 2. HP: 20/25 MP: 5/5
  1094 | D:2      | Found a shadowy altar of Dithmenos.
  1480 | D:2      | Reached XP level 3. HP: 4/31 MP: 3/6
  1762 | D:2      | Noticed Jessica
  1776 | D:2      | Killed Jessica
  1776 | D:2      | Reached skill level 4 in Unarmed Combat
  1776 | D:2      | Reached XP level 4. HP: 33/38 MP: 5/7
  2401 | D:3      | Noticed a phantom
  2423 | D:3      | Killed a phantom
  2423 | D:3      | Reached XP level 5. HP: 17/44 MP: 7/9
  2611 | D:3      | Learned a level 2 spell: Sticks to Snakes
  3194 | D:4      | Found a deep blue altar of Sif Muna.
  3648 | D:4      | Found a sacrificial altar of Ru.
  3702 | D:4      | Found a sparkling altar of Nemelex Xobeh.
  4200 | D:4      | Slain by a worker ant

Vault maps used:
D:1:      lemuel_arrival_rhombus, serial_curves, eino_curves_03, eino_curves_03,
          eino_curves_03
D:2:      lemuel_crystal_altar, uniq_jessica
D:4:      nicolae_ru_awakened_eye, nicolae_overflow_crystal_walls,
          lemuel_round_altar

Action                   |  1- 3 |  4- 6 || total
-------------------------+-------+-------++-------
Melee: Unarmed           |    76 |   135 ||   211
 Cast: Beastly Appendage |    14 |    24 ||    38
  Use: Potion            |       |     1 ||     1
  Eat: Chunk             |     2 |     5 ||     7
       Royal jelly       |       |     1 ||     1
